[Event "Titled Tuesday Blitz April 19 Early 2022"]
[White "Mayaud, Raphael"]
[Black "Hernandez Bermudez, Ulises Eduardo"]
[WhiteFideId "627151"]
[BlackFideId "3902510"]
[WhiteElo "2191"]
[BlackElo "2056"]
[Result "1-0"]
[Round "06"]
[TimeControl "180+1"]
[Date "2022.04.19"]
[WhiteClock "0:00:32"]
[BlackClock "0:00:52"]

1. d4 Nf6 2. Bg5 d5 3. Bxf6 exf6 4. e3 Bd6 5. g3 O-O 6. Bg2 c6 7. Ne2 Re8 8. O-O Nd7 9. Nd2 b6 10. c4 Bb7 11. cxd5 cxd5 12. Nc3 Nf8 13. Qb3 Rc8 14. Bxd5 Bxd5 15. Qxd5 Bb4 16. Qxd8 Rexd8 17. Rfc1 Bxc3 18. Rxc3 Rxc3 19. bxc3 Rc8 20. c4 Nd7 21. Kf1 Nb8 22. Ke2 Nc6 23. a4 Na5 24. Kd3 Kf8 25. Rc1 Ke7 26. Rc3 Kd6 27. Nb3 Nb7 28. e4 Kc6 29. c5 Kd7 30. cxb6 axb6 31. Rxc8 Kxc8 32. f3 Kc7 33. Kc4 Kc6 34. d5+ Kc7 35. Nd4 Nd6+ 36. Kb4 Nb7 37. Nb5+ Kd7 38. h4 Nc5 39. a5 Na6+ 40. Ka4 bxa5 41. Kxa5 Nc5 42. Nd4 g6 43. Kb5 Nd3 44. Kc4 Ne5+ 45. Kc3 h5 46. Kd2 Kd6 47. Ke3 Nc4+ 48. Kf2 Ne5 49. Nb5+ Kc5 50. Nc7 Kd6 51. Nb5+ Kc5 52. Nc3 Nd3+ 53. Ke3 Ne5 54. Ne2 Nc4+ 55. Kf2 Ne5 56. Nf4 Kd6 57. Ke2 Nc4 58. Nd3 f5 59. exf5 gxf5 60. Nf4 Ne5 61. Nxh5 Kxd5 62. Nf4+ Kd6 63. Kf2 Ke7 64. Nd5+ Kf8 65. Ne3 f4 66. gxf4 Nd3+ 67. Kg3 Kg7 68. Kg4 Nc5 69. f5 f6 70. Nd5 Nd3 71. Nf4 Nf2+ 72. Kg3 Nd3 73. Nxd3 1-0


[Site "https://www.chess.com"]

[Event "Titled Tuesday Blitz April 19 Early 2022"]
[White "Meekins, Kristopher C"]
[Black "Tillyaev, Ulugbek"]
[WhiteFideId "2005964"]
[BlackFideId "14202441"]
[WhiteElo "2308"]
[BlackElo "2377"]
[Result "1/2-1/2"]
[Round "06"]
[TimeControl "180+1"]
[Date "2022.04.19"]
[WhiteClock "0:00:04"]
[BlackClock "0:00:58"]

1. e4 c5 2. Nf3 g6 3. c4 Bg7 4. Nc3 Nc6 5. g3 d6 6. Bg2 e6 7. O-O Nge7 8. d3 O-O 9. Be3 Nd4 10. Bxd4 cxd4 11. Ne2 Nc6 12. Ne1 Rb8 13. a4 a6 14. f4 Bd7 15. g4 f5 16. exf5 exf5 17. gxf5 Rxf5 18. Ng3 Rf8 19. Be4 b5 20. axb5 axb5 21. cxb5 Rxb5 22. Qa4 Qb6 23. Qc4+ Kh8 24. Nf3 Rc5 25. Qa2 Nb4 26. Qb3 d5 27. Ne5 Bxe5 28. fxe5 Rxf1+ 29. Rxf1 Bh3 30. Rf6 Qc7 31. Qxb4 dxe4 32. Nxe4 Rc1+ 33. Kf2 Qc2+ 34. Qd2 Qxd2+ 35. Nxd2 Rc2 36. Ke1 Rxb2 37. Rd6 Rb5 38. Nf3 Bg4 39. Nxd4 Rxe5+ 40. Kf2 h5 41. Rxg6 Rd5 42. Nc6 Rxd3 43. Ne5 Rd2+ 44. Kg3 Bd1 45. Kh4 Rxh2+ 46. Kg5 Rf2 47. Rh6+ Kg7 48. Rg6+ Kf8 49. Rf6+ Rxf6 50. Kxf6 h4 51. Nd3 h3 52. Nf2 h2 53. Kg5 Bf3 54. Kf4 Bc6 55. Kg3 h1=Q 56. Nxh1 1/2-1/2


[Site "https://www.chess.com"]

[Event "Titled Tuesday Blitz April 19 Early 2022"]
[White "Melikhov, Evgeny V."]
[Black "Quirke, Jeffrey"]
[WhiteFideId "4122046"]
[BlackFideId "2013029"]
[WhiteElo "1931"]
[BlackElo "2184"]
[Result "1-0"]
[Round "06"]
[TimeControl "180+1"]
[Date "2022.04.19"]
[WhiteClock "0:00:15"]
[BlackClock "0:00:01"]

1. d4 d5 2. c4 e6 3. Nc3 Nf6 4. cxd5 exd5 5. Bg5 c6 6. Qc2 Be6 7. e3 Nbd7 8. Bd3 h6 9. Bh4 g5 10. Bg3 Nh5 11. Nge2 Nxg3 12. Nxg3 h5 13. f4 gxf4 14. exf4 Nf6 15. f5 Bd7 16. O-O-O h4 17. Rhe1+ Be7 18. Nge2 Qc7 19. h3 O-O-O 20. Kb1 Bd6 21. Nc1 Rhg8 22. Nb3 Kb8 23. Nc5 Bc8 24. Rc1 Rg3 25. N3a4 Rdg8 26. Re2 Nh5 27. Rf2 Nf4 28. Bf1 R3g5 29. Ka1 Bxf5 30. Qb3 Ka8 31. a3 Bc8 32. Rc3 Nxg2 33. Rcf3 Nf4 34. Ba6 b6 35. Nd3 Bxa6 36. Nxf4 Bxf4 37. Rxf4 Rg3 38. Qb4 Rg1+ 39. Ka2 Bc4+ 40. b3 Qxf4 41. Rxf4 R8g2+ 42. Nb2 Re1 43. bxc4 Ree2 44. Rxf7 Rxb2+ 45. Qxb2 1-0


[Site "https://www.chess.com"]

[Event "Titled Tuesday Blitz April 19 Early 2022"]
[White "Mikhailovsky, Vladimir"]
[Black "Krsnik Cohar, Ivan Vihor"]
[WhiteFideId "34105414"]
[BlackFideId "14520044"]
[WhiteElo "2349"]
[BlackElo "2414"]
[Result "1-0"]
[Round "06"]
[TimeControl "180+1"]
[Date "2022.04.19"]
[WhiteClock "0:00:36"]
[BlackClock "0:00:02"]

1. e4 d5 2. exd5 Qxd5 3. Nc3 Qe5+ 4. Be2 c6 5. d4 Qc7 6. Bf3 Bf5 7. Nge2 e6 8. Ne4 Bxe4 9. Bxe4 Nd7 10. O-O Ngf6 11. Bf3 Bd6 12. h3 h6 13. c4 O-O-O 14. Qa4 a6 15. b4 g5 16. b5 Nb6 17. Qb3 axb5 18. cxb5 Nbd5 19. bxc6 bxc6 20. Ba3 Bxa3 21. Qxa3 h5 22. Rab1 Kd7 23. Rfc1 Ra8 24. Qc5 g4 25. Bxd5 Nxd5 26. h4 Rxa2 27. Nc3 Ra5 28. Qc4 g3 29. fxg3 Ne7 30. Ne4 Nd5 31. Qf1 f5 32. Nc5+ Ke7 33. Rb7 Rxc5 34. Rxc7+ Nxc7 35. dxc5 Nd5 36. Qe1 Rg8 37. Qe5 Rg4 38. Re1 1-0


[Site "https://www.chess.com"]

[Event "Titled Tuesday Blitz April 19 Early 2022"]
[White "Miszler, Levente"]
[Black "Mokshanov, Alexey"]
[WhiteFideId "763276"]
[BlackFideId "24121657"]
[WhiteElo "1966"]
[BlackElo "2141"]
[Result "0-1"]
[Round "06"]
[TimeControl "180+1"]
[Date "2022.04.19"]
[WhiteClock "0:00:09"]
[BlackClock "0:00:12"]

1. Nf3 d5 2. e3 Bg4 3. h3 Bh5 4. b3 c6 5. Bb2 Nd7 6. c4 e6 7. d3 Ngf6 8. Be2 Bd6 9. O-O Qe7 10. Nbd2 Ba3 11. Qc2 Bxb2 12. Qxb2 a5 13. a3 O-O 14. b4 e5 15. Rfe1 e4 16. dxe4 dxe4 17. Nd4 Bxe2 18. Nxe2 Ne5 19. Qc2 Nd3 20. Red1 axb4 21. Nxe4 Nxe4 22. Qxd3 bxa3 23. Nd4 g6 24. Qb3 Rfd8 25. Rdc1 Ra6 26. c5 Ra5 27. Rxa3 Rxc5 28. Rb1 b5 29. Ra6 Nd2 30. Qb4 Nxb1 31. Qxb1 Qc7 32. Qa2 Rc1# 0-1


[Site "https://www.chess.com"]

[Event "Titled Tuesday Blitz April 19 Early 2022"]
[White "Mitrabha, Guha"]
[Black "Jobava, Baadur"]
[WhiteFideId "5057000"]
[BlackFideId "13601520"]
[WhiteElo "2468"]
[BlackElo "2617"]
[Result "1-0"]
[Round "06"]
[TimeControl "180+1"]
[Date "2022.04.19"]
[WhiteClock "0:01:28"]
[BlackClock "0:02:06"]

1. Nf3 d5 2. b3 c6 3. Bb2 Nf6 4. e3 Bf5 5. c4 e6 6. Be2 h6 7. O-O Be7 8. d4 O-O 9. Nc3 Nbd7 10. Rc1 Re8 11. Bd3 Bxd3 12. Qxd3 Bf8 13. e4 dxe4 14. Nxe4 Nxe4 15. Qxe4 Nf6 16. Qe2 a5 17. a4 Qb6 18. Rc3 Rad8 19. Rd3 c5 20. Rfd1 cxd4 21. Bxd4 Qc7 22. Bxf6 gxf6 23. Nd4 Qb6 24. Qg4+ Bg7 25. Rg3 Kf8 26. Qxg7+ Ke7 27. Rgd3 1-0


[Site "https://www.chess.com"]

[Event "Titled Tuesday Blitz April 19 Early 2022"]
[White "Mohammadian, Mohammad"]
[Black "Hoffmann, Asa"]
[WhiteFideId "12566055"]
[BlackFideId "2001470"]
[WhiteElo "1544"]
[BlackElo "2117"]
[Result "0-1"]
[Round "06"]
[TimeControl "180+1"]
[Date "2022.04.19"]
[WhiteClock "0:00:02"]
[BlackClock "0:01:14"]

1. e4 d6 2. d4 Nf6 3. Bd3 e5 4. d5 Be7 5. h3 Nfd7 6. Nf3 Nc5 7. c4 a5 8. a4 Nba6 9. Nc3 O-O 10. O-O Nb4 11. Bb1 f5 12. exf5 Bxf5 13. Bxf5 Rxf5 14. Be3 b6 15. Bxc5 bxc5 16. Nb5 Qd7 17. Qe2 Raf8 18. Ra3 c6 19. dxc6 Qxc6 20. Rd1 h6 21. Rd5 Nxd5 22. cxd5 Qxd5 23. Rd3 Qc4 24. Qd2 e4 25. Rc3 Qb4 26. Nxd6 Bxd6 27. Qxd6 exf3 28. Qe6+ Kh8 29. gxf3 Qxa4 30. Re3 Rxf3 31. Rxf3 Qd1+ 32. Kh2 Qxf3 33. Qg4 Qxf2+ 34. Qg2 c4 35. Qxf2 Rxf2+ 36. Kg3 a4 37. Kxf2 c3 38. bxc3 a3 39. Ke2 a2 40. Kd3 a1=Q 41. c4 Qe5 42. h4 Qc5 43. Kc3 g5 44. hxg5 hxg5 45. Kb3 Kg7 46. Ka4 Kf6 0-1


[Site "https://www.chess.com"]

[Event "Titled Tuesday Blitz April 19 Early 2022"]
[White "Mortazavi, Ali"]
[Black "Muradov, Soltan"]
[WhiteFideId "401323"]
[BlackFideId "14002108"]
[WhiteElo "2339"]
[BlackElo "1854"]
[Result "1-0"]
[Round "06"]
[TimeControl "180+1"]
[Date "2022.04.19"]
[WhiteClock "0:00:13"]
[BlackClock "0:00:04"]

1. Nf3 Nf6 2. g3 b6 3. Bg2 Bb7 4. O-O c5 5. d3 d6 6. e4 g6 7. a4 Bg7 8. a5 O-O 9. Nc3 bxa5 10. e5 dxe5 11. Nxe5 Bxg2 12. Kxg2 Nbd7 13. Nc6 Qc7 14. Nxe7+ Kh8 15. Bf4 Qb7+ 16. Qf3 Qxb2 17. Ncd5 Nxd5 18. Qxd5 Nb6 19. Qxc5 a4 20. Rfb1 Qd4 21. Qa5 Qd7 22. Qc5 Rfe8 23. Bd6 Bf6 24. Re1 h5 25. Be5 Bxe5 26. Qxe5+ Kh7 27. Qf6 Rf8 28. Re5 Qb7+ 29. Kg1 Rae8 30. Rae1 Nd7 31. Rxh5+ gxh5 32. Qf5+ Kg7 33. Qg5+ Kh7 34. Qxh5+ Kg7 35. Qg5+ Kh7 36. Re4 Qxe4 37. dxe4 f6 38. Qh5+ Kg7 39. Qg6+ Kh8 40. Qh6# 1-0


[Site "https://www.chess.com"]

[Event "Titled Tuesday Blitz April 19 Early 2022"]
[White "Moskalenko, Alexander"]
[Black "Brodowski, Piotr"]
[WhiteFideId "4155351"]
[BlackFideId "1124480"]
[WhiteElo "2434"]
[BlackElo "2422"]
[Result "1-0"]
[Round "06"]
[TimeControl "180+1"]
[Date "2022.04.19"]
[WhiteClock "0:00:12"]
[BlackClock "0:00:02"]

1. Nf3 c5 2. e4 Nc6 3. d4 cxd4 4. Nxd4 g6 5. c4 Bg7 6. Be3 d6 7. Nc3 Nf6 8. Be2 O-O 9. O-O Bd7 10. Nc2 Rc8 11. Qd2 Ne5 12. b3 a6 13. a4 Bc6 14. f3 h5 15. Rfd1 Nfd7 16. b4 b6 17. Nd5 Bb7 18. Na3 a5 19. bxa5 bxa5 20. Rab1 Bxd5 21. cxd5 Nc5 22. Bb5 h4 23. h3 f5 24. f4 Nxe4 25. Qe1 Nd7 26. Qxh4 Rc3 27. Nc4 Ndf6 28. Bd4 Rg3 29. Nd2 Nh5 30. Nxe4 fxe4 31. f5 Rxf5 32. Qxe4 Bxd4+ 33. Rxd4 Re5 34. Qc2 Qb6 35. Rd1 Nf4 36. Bf1 Rxg2+ 37. Bxg2 Re2 38. Qc8+ Kg7 39. Bf3 Re3 40. Qg4 Ne2+ 41. Bxe2 Rxe2 42. Qxe2 1-0


[Site "https://www.chess.com"]

[Event "Titled Tuesday Blitz April 19 Early 2022"]
[White "Moskvin, Anatoly"]
[Black "Bachmann, Axel"]
[WhiteFideId "24199990"]
[BlackFideId "3700488"]
[WhiteElo "2079"]
[BlackElo "2587"]
[Result "0-1"]
[Round "06"]
[TimeControl "180+1"]
[Date "2022.04.19"]
[WhiteClock "0:00:04"]
[BlackClock "0:00:11"]

1. e4 c5 2. Nf3 d6 3. d4 cxd4 4. Nxd4 Nf6 5. f3 e5 6. Bb5+ Bd7 7. Bxd7+ Qxd7 8. Nf5 d5 9. Bg5 dxe4 10. Bxf6 Qxd1+ 11. Kxd1 gxf6 12. fxe4 Nc6 13. c3 O-O-O+ 14. Ke2 Rg8 15. g3 h5 16. Nd2 Rg4 17. Rad1 Ne7 18. Rhf1 Nxf5 19. Rxf5 h4 20. Rxf6 hxg3 21. hxg3 Rxg3 22. Rdf1 Bc5 23. Nb3 Rg2+ 24. Ke1 Bb6 25. c4 Rxb2 26. c5 Bc7 27. R1f2 Rb1+ 28. Ke2 a5 29. Rxf7 a4 30. Nd2 Rb2 31. Ke3 Rxa2 32. Nc4 Rxf2 33. Rxf2 Rd4 34. Rc2 Kd7 35. Nb6+ Bxb6 36. cxb6 Kd6 37. Rc7 Rb4 38. Rxb7 Kc6 39. Re7 Kxb6 40. Re6+ Kb5 41. Re7 a3 42. Rxe5+ Kc4 43. Ra5 Kb3 44. e5 Ra4 45. Rb5+ Kc2 46. e6 a2 47. e7 Ra3+ 48. Kf4 a1=Q 49. e8=Q Qf1+ 50. Kg5 Rg3+ 51. Kh6 Qh3+ 52. Qh5 Qe6+ 53. Kh7 Qd7+ 54. Kh6 Qg7# 0-1


[Site "https://www.chess.com"]

[Event "Titled Tuesday Blitz April 19 Early 2022"]
[White "Namitbir Singh Walia"]
[Black "Dahlgren, James Allen"]
[WhiteFideId "35071068"]
[BlackFideId "22256873"]
[WhiteElo "1565"]
[BlackElo "2089"]
[Result "0-1"]
[Round "06"]
[TimeControl "180+1"]
[Date "2022.04.19"]
[WhiteClock "0:00:05"]
[BlackClock "0:00:11"]

1. d4 e6 2. c4 c5 3. Nf3 Nf6 4. Nc3 cxd4 5. Nxd4 Nc6 6. e4 Bb4 7. Nxc6 bxc6 8. Bd3 Bxc3+ 9. bxc3 O-O 10. e5 Qa5 11. Bf4 Qxc3+ 12. Kf1 Nh5 13. Rc1 Qa3 14. Bxh7+ Kxh7 15. Qxh5+ Kg8 16. Bd2 Qxa2 17. Ke2 Ba6 18. Qh4 Rab8 19. Rc3 Rb2 20. Rd1 f5 21. Ke1 f4 22. c5 Qd5 23. Qg5 Qe4+ 24. Be3 fxe3 25. Rxe3 Re2+ 0-1


[Site "https://www.chess.com"]

[Event "Titled Tuesday Blitz April 19 Early 2022"]
[White "Nareks, Matic"]
[Black "Jaracz, Pawel"]
[WhiteFideId "14629526"]
[BlackFideId "1102222"]
[WhiteElo "2147"]
[BlackElo "2429"]
[Result "0-1"]
[Round "06"]
[TimeControl "180+1"]
[Date "2022.04.19"]
[WhiteClock "0:00:11"]
[BlackClock "0:00:07"]

1. e4 c5 2. Nf3 Nc6 3. d4 cxd4 4. Nxd4 Nf6 5. Nc3 e5 6. Ndb5 d6 7. Bg5 a6 8. Na3 b5 9. Nd5 Be7 10. Bxf6 Bxf6 11. c4 b4 12. Nc2 O-O 13. h4 a5 14. Qf3 Be7 15. g3 Be6 16. Bh3 Nb8 17. Kf1 Nd7 18. Kg2 Nc5 19. Nce3 Rb8 20. b3 Qd7 21. Nf5 Bd8 22. h5 g6 23. Nfe3 Bg5 24. Rad1 Kg7 25. Nc2 f5 26. exf5 gxf5 27. h6+ Kh8 28. Qh5 Rg8 29. Nce3 Rbf8 30. Kh2 Ne4 31. f4 Nxg3 32. Kxg3 Bxf4+ 33. Kf2 Bg3+ 34. Ke2 e4 35. Nb6 Qe7 36. Ned5 Qd8 37. Bg2 Rg5 38. Qh3 Rg6 39. Qh5 Rg5 40. Qh3 Rfg8 41. c5 Be5 42. Rhg1 Rg3 43. Qh5 R8g5 44. Qh1 Qg8 45. cxd6 Rxg2+ 46. Rxg2 Rxg2+ 47. Ke3 Qg5+ 48. Nf4 Qxf4# 0-1


[Site "https://www.chess.com"]

[Event "Titled Tuesday Blitz April 19 Early 2022"]
[White "Nguyen, Hong Anh"]
[Black "Antonio, Jorge Carlos"]
[WhiteFideId "12406732"]
[BlackFideId "113190"]
[WhiteElo "2016"]
[BlackElo "2247"]
[Result "1-0"]
[Round "06"]
[TimeControl "180+1"]
[Date "2022.04.19"]
[WhiteClock "0:00:38"]
[BlackClock "0:00:26"]

1. d4 d5 2. c4 c6 3. Nf3 dxc4 4. a4 Nf6 5. g3 e5 6. Nxe5 Bb4+ 7. Nc3 Ne4 8. Nxc4 Nxc3 9. bxc3 Bxc3+ 10. Bd2 Bxa1 11. Qxa1 Qd5 12. Ne3 Qxh1 13. d5 Qxh2 14. Qxg7 Rf8 15. Bb4 c5 16. Bxc5 Nd7 17. Ba3 Qh5 18. Bg2 Qg6 19. Qd4 Qf6 20. Qe4+ Kd8 21. Nf5 Qa1+ 22. Kd2 Qxa3 23. Qh4+ f6 24. Qxh7 Qb2+ 25. Ke3 Qe5+ 26. Kd2 Nc5 27. d6 Bxf5 28. Qc7+ Ke8 29. Bf3 Bg6 30. Bxb7 Rd8 31. Bc6+ Nd7 32. e3 Qb2+ 33. Ke1 Bh5 34. Bxd7+ Rxd7 35. Qc8+ Rd8 36. Qe6# 1-0


[Site "https://www.chess.com"]

[Event "Titled Tuesday Blitz April 19 Early 2022"]
[White "Nozdrachev, Leonid"]
[Black "Lopez, Henry"]
[WhiteFideId "24113433"]
[BlackFideId "5203830"]
[WhiteElo "2242"]
[BlackElo "2177"]
[Result "1-0"]
[Round "06"]
[TimeControl "180+1"]
[Date "2022.04.19"]
[WhiteClock "0:01:33"]
[BlackClock "0:00:36"]

1. e4 c5 2. c3 Nf6 3. e5 Nd5 4. Nf3 e6 5. d4 cxd4 6. cxd4 d6 7. Bc4 Nb6 8. Bd3 Nc6 9. O-O Be7 10. Nc3 a6 11. Bf4 O-O 12. Qc2 h6 13. Rad1 Nb4 14. Bh7+ Kh8 15. Qb1 N4d5 16. Bd2 Nxc3 17. bxc3 Nc4 18. Bf4 b5 19. Be4 d5 20. Bd3 Bd7 21. Qc1 g5 22. Bg3 Kg7 23. h4 Rc8 24. Bb1 Na3 25. Nh2 Nxb1 26. Qxb1 Rxc3 27. Ng4 gxh4 28. Nf6 Rh8 29. Bxh4 b4 30. Rfe1 Bb5 31. Qb2 a5 32. Qd2 1-0


[Site "https://www.chess.com"]

[Event "Titled Tuesday Blitz April 19 Early 2022"]
[White "Nugumanov, Bakhtiyar"]
[Black "Palacio,Igor Da Paz"]
[WhiteFideId "13701797"]
[BlackFideId "2121140"]
[WhiteElo "2262"]
[BlackElo "2144"]
[Result "0-1"]
[Round "06"]
[TimeControl "180+1"]
[Date "2022.04.19"]
[WhiteClock "0:00:02"]
[BlackClock "0:00:04"]

1. Nf3 Nf6 2. c4 g6 3. g3 Bg7 4. Bg2 O-O 5. O-O d6 6. Nc3 Nbd7 7. d3 e5 8. Bg5 h6 9. Bxf6 Qxf6 10. Qc2 c6 11. Nd2 Qe7 12. e4 Nc5 13. b4 Ne6 14. Nb3 h5 15. Ne2 h4 16. c5 h3 17. Bh1 Rd8 18. a4 d5 19. b5 d4 20. f4 Bh6 21. f5 Be3+ 22. Rf2 Ng5 23. Rf1 gxf5 24. exf5 Bxf5 25. bxc6 bxc6 26. Bxc6 Rac8 27. Bh1 Bg4 28. Nbc1 Qf6 29. Qd1 Nf3+ 30. Bxf3 Qxf3 31. Nf4 Bxf2+ 32. Rxf2 Qxd1+ 33. Rf1 Qxf1+ 34. Kxf1 exf4 35. gxf4 Rxc5 36. Nb3 Rc3 37. Nxd4 Rxd4 0-1


[Site "https://www.chess.com"]

[Event "Titled Tuesday Blitz April 19 Early 2022"]
[White "Omariev, Maksim"]
[Black "Agibileg, Uurtsaikh"]
[WhiteFideId "4193423"]
[BlackFideId "4901606"]
[WhiteElo "2498"]
[BlackElo "2205"]
[Result "0-1"]
[Round "06"]
[TimeControl "180+1"]
[Date "2022.04.19"]
[WhiteClock "0:00:01"]
[BlackClock "0:00:18"]

1. e4 c5 2. Nf3 e6 3. d4 cxd4 4. Nxd4 Nc6 5. Nxc6 bxc6 6. c4 Nf6 7. Nc3 e5 8. Bd3 Bc5 9. O-O h6 10. Qe2 O-O 11. a3 d6 12. b4 Bd4 13. Bd2 Bg4 14. Qe1 Nh5 15. Be2 Bxe2 16. Qxe2 Nf4 17. Qf3 f5 18. exf5 Rxf5 19. Rad1 Rc8 20. Kh1 Qf8 21. Ne4 Ne6 22. Qg4 h5 23. Qg6 Re8 24. Nxd6 Qxd6 25. Qxf5 Rf8 26. Qxh5 Bxf2 27. c5 Qd3 28. Qh3 Qc4 0-1


[Site "https://www.chess.com"]

[Event "Titled Tuesday Blitz April 19 Early 2022"]
[White "Omelja, Artem"]
[Black "Jarocka, Liwia"]
[WhiteFideId "14119846"]
[BlackFideId "21807558"]
[WhiteElo "2382"]
[BlackElo "1896"]
[Result "1/2-1/2"]
[Round "06"]
[TimeControl "180+1"]
[Date "2022.04.19"]
[WhiteClock "0:00:15"]
[BlackClock "0:00:13"]

1. d4 d5 2. c4 e6 3. Nc3 Nf6 4. Bg5 Be7 5. e3 O-O 6. Nf3 c6 7. Qc2 Nbd7 8. cxd5 cxd5 9. Bd3 h6 10. Bh4 b6 11. O-O Bb7 12. Rac1 Rc8 13. Qa4 a6 14. Rfd1 b5 15. Qb3 Nb6 16. Ne5 Nc4 17. Bxc4 dxc4 18. Qc2 Nd5 19. Bxe7 Qxe7 20. Nxd5 Bxd5 21. a4 Qb4 22. axb5 axb5 23. Nd7 Rfd8 24. Nc5 Qa5 25. Ra1 Qc7 26. e4 Bc6 27. Qc3 Ba8 28. f3 e5 29. Na6 Qb6 30. Qa5 Qxa5 31. Rxa5 exd4 32. Rxb5 Kf8 33. Kf2 c3 34. bxc3 Rxc3 35. Nb4 Rb3 36. Rd2 g6 37. Rb6 Kg7 38. Ke2 Re3+ 39. Kf2 Rb3 40. Rd3 Rb2+ 41. Kg3 h5 42. Nd5 Rxb6 43. Nxb6 Bc6 44. Kf2 Bb5 45. Rd2 d3 46. Nd5 Bc4 47. Nf4 g5 48. Nxh5+ Kh6 49. Ng3 Ra8 50. Nf5+ Kg6 51. Ne3 Bb5 52. Nd1 Ra1 53. Nb2 Ra2 54. Ke3 f5 55. exf5+ Kxf5 56. Nxd3 Ra3 57. g4+ Kf6 58. Kd4 Ra4+ 59. Kc5 Bxd3 60. Rxd3 Ra2 61. Rd6+ Kg7 62. Kd5 Rxh2 63. Ke5 Rf2 64. Ke4 Rf1 65. Rd5 Kg6 66. Rd6+ Kg7 67. Kf5 Rxf3+ 68. Kxg5 Ra3 69. Rd7+ Kg8 70. Kh6 Ra6+ 71. Kh5 Rb6 72. g5 Ra6 73. Rd5 Rb6 74. Rc5 Ra6 75. Rb5 Rc6 76. Rb8+ Kg7 77. Rb7+ Kg8 78. Rb5 Ra6 79. Rf5 Rc6 80. Rd5 Ra6 81. g6 Ra1 82. Kh6 Rh1+ 83. Kg5 Rg1+ 84. Kf6 Rf1+ 85. Rf5 Rxf5+ 86. Kxf5 Kg7 87. Kg5 Kg8 88. Kf6 Kf8 89. g7+ Kg8 90. Kg6 1/2-1/2


[Site "https://www.chess.com"]

[Event "Titled Tuesday Blitz April 19 Early 2022"]
[White "Pakleza, Zbigniew"]
[Black "Guz, Ari"]
[WhiteFideId "1119290"]
[BlackFideId "2825759"]
[WhiteElo "2467"]
[BlackElo "1913"]
[Result "1-0"]
[Round "06"]
[TimeControl "180+1"]
[Date "2022.04.19"]
[WhiteClock "0:00:07"]
[BlackClock "0:00:25"]

1. d4 d5 2. Bf4 Nf6 3. e3 g6 4. Nf3 Bg7 5. Be2 O-O 6. O-O c5 7. c3 b6 8. Nbd2 Ba6 9. Bxa6 Nxa6 10. h3 c4 11. Qe2 b5 12. a3 Nc7 13. e4 e6 14. e5 Nd7 15. Bg5 Qb8 16. Qe3 a5 17. h4 b4 18. h5 Nb5 19. a4 Nc7 20. g3 Qb6 21. Kg2 Rae8 22. Rh1 f6 23. exf6 Nxf6 24. hxg6 hxg6 25. Ne5 Nh7 26. Nd7 Qc6 27. Nxf8 Nxf8 28. Bh6 e5 29. Bxg7 Kxg7 30. Qh6+ Kf7 31. Nf3 Qf6 32. Nxe5+ Rxe5 33. dxe5 Qxe5 34. Rae1 Qf5 35. Qf4 Qxf4 36. gxf4 b3 37. Rh8 Nfe6 38. Rh7+ Kf6 39. Kg3 d4 40. cxd4 Nd5 41. Re5 Nb4 42. Rxa5 c3 43. bxc3 b2 44. Rh1 Na2 45. Rb5 Nxc3 46. Rxb2 Nxa4 47. Rb4 Nc3 48. Ra1 Nd5 49. Rc4 Ndxf4 50. Ra6 Kf5 51. Rc5+ Ke4 52. Re5+ Kxd4 53. Rexe6 Nh5+ 54. Kg4 Ng7 55. Rxg6 Ne8 56. Rae6 Nc7 57. Rd6+ Ke5 58. Rc6 Nd5 59. Rge6+ Kd4 60. Rcd6 Kc4 61. Rxd5 Kxd5 62. Re3 1-0


[Site "https://www.chess.com"]

[Event "Titled Tuesday Blitz April 19 Early 2022"]
[White "Palachev, Petr"]
[Black "Trost, Edvin"]
[WhiteFideId "24129003"]
[BlackFideId "1729519"]
[WhiteElo "2339"]
[BlackElo "2160"]
[Result "1-0"]
[Round "06"]
[TimeControl "180+1"]
[Date "2022.04.19"]
[WhiteClock "0:01:41"]
[BlackClock "0:01:01"]

1. d4 Nf6 2. Nf3 e6 3. Bg5 c5 4. e3 h6 5. Bh4 b6 6. Nbd2 Ba6 7. Bxa6 Nxa6 8. Qe2 Nc7 9. O-O-O Be7 10. Rhg1 Qc8 11. g4 cxd4 12. Nxd4 Ncd5 13. Kb1 Nb4 14. c3 Nc6 15. Bxf6 Bxf6 16. Ne4 Be7 17. Nb5 O-O 18. g5 hxg5 19. Qh5 Qd8 20. Rxg5 d5 21. Rxg7+ Kxg7 22. Rg1+ Bg5 23. Rxg5+ Qxg5 24. Qxg5+ Kh8 25. Qh6+ Kg8 26. Nf6# 1-0


[Site "https://www.chess.com"]

[Event "Titled Tuesday Blitz April 19 Early 2022"]
[White "Papp, Levente"]
[Black "Silva Lucena, Cristian"]
[WhiteFideId "751243"]
[BlackFideId "2232588"]
[WhiteElo "2308"]
[BlackElo "2223"]
[Result "1/2-1/2"]
[Round "06"]
[TimeControl "180+1"]
[Date "2022.04.19"]
[WhiteClock "0:00:03"]
[BlackClock "0:00:03"]

1. c4 Nf6 2. Nc3 g6 3. e4 d6 4. g3 Bg7 5. Bg2 O-O 6. Nge2 c5 7. O-O Nc6 8. d3 Rb8 9. Rb1 a6 10. a3 b5 11. cxb5 axb5 12. b4 cxb4 13. axb4 Nd7 14. Be3 Nde5 15. h3 Nd7 16. d4 e6 17. d5 exd5 18. Nxd5 Nde5 19. Nd4 Nxd4 20. Bxd4 Be6 21. Ne3 Nc4 22. Bxg7 Kxg7 23. Qd4+ Qf6 24. Rfd1 Qxd4 25. Rxd4 Nxe3 26. fxe3 Rfc8 27. Rxd6 Rc3 28. Re1 Rb3 29. Rd4 Rc8 30. e5 Rcc3 31. Bd5 Rxe3 32. Rxe3 Rxe3 33. Bxe6 fxe6 34. Kf2 Rxe5 35. Kf3 Kf6 36. g4 h5 37. Rd8 hxg4+ 38. hxg4 Rd5 39. Rf8+ Ke5 40. Rg8 Rd3+ 41. Ke2 Rd4 42. Rxg6 Rxb4 43. Rg8 Kf4 44. g5 e5 45. g6 Rb2+ 46. Kf1 Rb3 47. g7 Rf3+ 48. Kg2 Rg3+ 49. Kf2 Rg6 50. Rf8+ Ke4 51. g8=Q Rxg8 52. Rxg8 Kd3 53. Rb8 Kc4 54. Ke3 b4 55. Rc8+ Kb3 56. Kd3 e4+ 57. Kxe4 Ka2 58. Ra8+ Kb2 59. Kd3 b3 60. Kd2 Kb1 61. Kc3 b2 62. Rb8 Ka1 63. Ra8+ Kb1 64. Rh8 Ka2 65. Rh2 Ka1 66. Rxb2 1/2-1/2


[Site "https://www.chess.com"]

[Event "Titled Tuesday Blitz April 19 Early 2022"]
[White "Papp, Petra"]
[Black "Vokarev, Sergey"]
[WhiteFideId "739049"]
[BlackFideId "4119711"]
[WhiteElo "2259"]
[BlackElo "2343"]
[Result "1/2-1/2"]
[Round "06"]
[TimeControl "180+1"]
[Date "2022.04.19"]
[WhiteClock "0:00:12"]
[BlackClock "0:01:14"]

1. e4 c5 2. Nf3 Nc6 3. d4 cxd4 4. Nxd4 Nf6 5. Nc3 g6 6. Nxc6 dxc6 7. Qxd8+ Kxd8 8. Bf4 Nd7 9. O-O-O Ke8 10. f3 e5 11. Be3 Bc5 12. Kd2 Ke7 13. Bc4 b5 14. Bb3 a5 15. a3 Bxe3+ 16. Kxe3 Nc5 17. Ba2 b4 18. Nb1 Be6 19. Bxe6 Kxe6 20. Rd2 Rhd8 21. Rhd1 Rxd2 22. Rxd2 Rb8 23. axb4 axb4 24. Rd1 Ra8 25. Nd2 Rd8 26. Ke2 f5 27. Nb3 Rxd1 28. Nxc5+ Kd6 29. Nb7+ Kc7 30. Kxd1 Kxb7 31. Kd2 fxe4 32. fxe4 Kb6 33. c3 Kb5 34. Kd3 c5 35. b3 g5 36. h3 h5 37. g3 c4+ 38. bxc4+ Kc5 39. cxb4+ Kxb4 40. c5 Kxc5 41. Kc3 Kb5 42. Kb3 Kc5 43. Kc3 g4 44. h4 Kb5 45. Kb3 Kc5 46. Kc3 Kb5 47. Kb3 Kc5 48. Kc3 1/2-1/2


[Site "https://www.chess.com"]

[Event "Titled Tuesday Blitz April 19 Early 2022"]
[White "Pert, Nicholas"]
[Black "Constantinou, Peter"]
[WhiteFideId "403989"]
[BlackFideId "413038"]
[WhiteElo "2536"]
[BlackElo "2230"]
[Result "0-1"]
[Round "06"]
[TimeControl "180+1"]
[Date "2022.04.19"]
[WhiteClock "0:00:08"]
[BlackClock "0:00:14"]

1. d4 g6 2. e4 Bg7 3. Nf3 d6 4. Bc4 Nf6 5. Qe2 O-O 6. e5 dxe5 7. dxe5 Nd5 8. O-O Bg4 9. Nbd2 Nc6 10. h3 Nd4 11. Qe4 Nxf3+ 12. Nxf3 Bxf3 13. Qxf3 Nb6 14. Bb3 c6 15. Re1 e6 16. Bf4 Qe7 17. Qg3 h6 18. h4 Rfd8 19. Rad1 Rxd1 20. Rxd1 Rd8 21. Rd6 Nc8 22. Rxd8+ Qxd8 23. Qg4 Ne7 24. h5 g5 25. Bh2 Nf5 26. Qe2 Qd4 27. g4 Ne7 28. c3 Qc5 29. Bg3 Nd5 30. Qe4 b5 31. Kg2 a5 32. a4 b4 33. cxb4 Nxb4 34. Qc4 Qd5+ 35. Kh2 Bxe5 36. Qxb4 Qf3 37. Qc4 Qxf2+ 38. Kh1 Bxg3 39. Qc2 Qf1# 0-1


[Site "https://www.chess.com"]